 Dungeon Crawl Stone Soup version 0.15.1-3-g1b33baa (webtiles) character file.

302693 CrazyArbalest the Halfling Catapult (level 21, -1/127 HPs)
             Began as a Halfling Fighter on Oct 11, 2014.
             Was the Champion of Makhleb.
             Slain by Mennas
             ... wielding a +2 blessed long sword of holy wrath
              (13 damage)
             ... on Level 3 of the Depths on Oct 12, 2014.
             The game lasted 10:39:10 (63864 turns).

CrazyArbalest the Halfling Catapult (HaFi)         Turns: 63864, Time: 10:39:11

HP  -1/127       AC 19     Str 16      XL: 21   Next: 99%
MP   0/43        EV 30     Int 10      God: Makhleb [******]
Gold 4257        SH 11     Dex 24      Spells:  0 memorised, 20 levels left

rFire  . . .     SeeInvis .     b - +5 greatsling (velocity)
rCold  + . .     Clarity  .     e - +4 troll leather armour {Snorg}
rNeg   + . .     rCorr    .     S - +2 buckler
rPois  .         rRot     .     J - +1 helmet {Int+3}
rElec  .         Spirit   +     f - +1 cloak {MR+}
SustAb .         Warding  .     L - +0 pair of gloves {archery}
rMut   .         Stasis   .     A - +2 pair of boots
Gourm  .                        x - amulet of guardian spirit
MR     ++...                    P - ring "Mebuargh" {rC+ rN+ MP+9}
                                s - +4 ring of slaying

@: glowing, silenced, very resistant to hostile enchantments, unstealthy
A: frail 1, mutation resistance 1, spit poison 1
a: Spit Poison
}: 2/15 runes: decaying, serpentine


You were on level 3 of the Depths.
You worshipped Makhleb.
Makhleb was exalted by your worship.
You were hungry.

You visited 7 branches of the dungeon, and saw 41 of its levels.
You also visited: Labyrinth, Sewer and Volcano.

You collected 4992 gold pieces.
You spent 735 gold pieces at shops.

Inventory:

Hand weapons
 a - a +2 cutlass of protection
 b - a +5 greatsling of velocity (weapon)
 c - a +4 hunting sling of evasion
 k - a +2 dagger of venom
 q - a cursed -2 dagger
Missiles
 v - 105 stones
 H - 13 poisoned sling bullets
 U - 5 sling bullets
 X - 4 steel sling bullets (quivered)
Armour
 e - a +4 troll leather armour (worn) {Snorg}
 f - a +1 cloak of magic resistance (worn)
 u - a fire dragon hide
 A - a +2 pair of boots (worn)
 J - a +1 helmet of intelligence (worn)
 L - a +0 pair of gloves of archery (worn)
 S - a +2 buckler (worn)
 V - the +9 chain mail of Dishonour {Str+3}
   (You found it on level 15 of the Dungeon)

   It affects your strength (+3).
Magical devices
 w - a wand of digging (7)
 F - a wand of confusion (15)
 I - a wand of paralysis (6)
 M - a wand of disintegration (3)
Comestibles
 d - 15 bread rations
Scrolls
 n - a scroll of magic mapping
 p - 14 scrolls of remove curse
 D - 16 scrolls of identify
 R - 3 scrolls of fear
Jewellery
 g - an uncursed ring of ice
 h - an uncursed ring of protection from fire
 j - a +1 ring of strength
 o - an uncursed ring of protection from fire
 s - a +4 ring of slaying (left hand)
 x - an amulet of guardian spirit (around neck)
 G - an uncursed ring of poison resistance
 P - the ring "Mebuargh" (right hand) {rC+ rN+ MP+9}
   (You took it off a fire giant on level 2 of the Depths)

   [ring of magical power]

   It protects you from cold.
   It protects you from negative energy.
   It affects your magic capacity (+9).
 T - an uncursed amulet of warding
 W - an uncursed ring of flight


   Skills:
 * Level 11.9 Fighting
 * Level 16.8 Short Blades
 O Level 27 Slings
 + Level 10.0 Armour
 + Level 13.6 Dodging
 * Level 10.3 Stealth
 + Level 12.0 Shields
 * Level 12.8 Invocations
 * Level 9.1 Evocations


You had 20 spell levels left.
You didn't know any spells.

Dungeon Overview and Level Annotations

Branches:
Dungeon (15/15)            Temple (1/1) D:4             Orc (4/4) D:11
    Elf (0/3) Orc:3          Lair (8/8) D:10          Swamp (5/5) Lair:3
  Snake (5/5) Lair:5        Slime (0/6) Lair:6       Vaults (0/5) D:13
 Depths (3/5) D:15

Altars:
Ashenzari
Cheibriados
Dithmenos
Elyvilon
Fedhas
Kikubaaqudgha
Makhleb
Nemelex Xobeh
Okawaru
Qazlal
Sif Muna
Trog
Vehumet
Xom
Yredelemnul
Zin
The Shining One
Beogh

Shops:
Orc:3 !   Orc:4 *=[[   Snake:2 =

Portals:
Hell: Depths:1 Depths:2 Depths:3
Pandemonium: Depths:3

Annotations:
D:2 Terence
D:9 Erolcha
Snake:4 Wiglaf
Depths:3 Mennas


Innate Abilities, Weirdness & Mutations

You are small and have problems with some larger weapons.
You are somewhat resistant to further mutation.
You are frail (-10% HP).
You can spit poison.


Message History

Drink which item? (? for menu, Esc to quit)
You feel better. You block Mennas' attack.
Mennas hits you with a blessed long sword of holy wrath!!
* * * LOW HITPOINT WARNING * * *
Drink which item? (? for menu, Esc to quit)
You feel better. Mennas completely misses you. You block Mennas' attack.
You aren't carrying any potions.
Unknown command.
Unknown command.
Evoke which item? (* to show all) (? for menu, Esc to quit)
Zapping:
F - a wand of confusion {zapped: 1}
Press: ? - help, Shift-Dir - straight line, f/p - Mennas
Aim: Mennas, wielding a blessed long sword of holy wrath and wearing a large shield (silenced, lightly wounded, radiating silence, haloed) Mennas resists with almost no effort.
Mennas barely misses you. Mennas closely misses you.
The balrug gestures at you. Something smites you!
* * * LOW HITPOINT WARNING * * *
Mennas hits you with a blessed long sword of holy wrath!
You die...

♣♣♣♣♣ ### ### ≈≈≈≈♣♣ #.########.#
≈≈≈≈≈♣♣♣ #...)[.)...# ≈≈≈≈≈≈≈♣
#....#####.# ≈≈≈≈≈≈≈♣♣ ####.# #.#
≈≈≈≈≈≈≈P♣## #@# #.####
≈≈≈≈≈≈≈≈♣.# #A# #....#
≈≈≈≈≈≈≈≈♣.######2########.#
≈≈≈≈≈≈≈≈#...........# #.#######
≈≈≈≈≈≈≈≈....####.##.# #........
≈≈≈≈≈≈≈≈...§# #.##.# ########.
≈≈≈≈≈≈≈≈.§§§# #.##2# ##.......
≈..≈≈≈≈≈...## #(##.# #........
....≈.P≈#..#####....#####....<...


You could see Mennas and a balrug.

Vanquished Creatures
  A lich (Depths:2)
  An octopode crusher (Depths:2)
  Agnes (Depths:3)
  Frances (D:14)
  A thorn hunter (Swamp:3)
  2 sphinxes (Depths:2)
  Kirke (Swamp:5)
  Roxanne (D:14)
  3 fire giants
  5 frost giants
  6 greater nagas
  Maud (Lair:5)
  An emperor scorpion (Depths:3)
  The ghost of SaintRoka the Arsonist, a powerful HOFE of Cheibriados (Lair:8)
  Jorgrun (Depths:1)
  6 stone giants
  6 very ugly things
  A lorocyproca (Depths:3)
  An ettin (Depths:3)
  4 dire elephants
  Snorg (Lair:7)
  A merfolk javelineer (Depths:2)
  A deep elf death mage (Depths:3)
  2 fire dragons
  A great orb of eyes (Depths:2)
  3 minotaurs
  8 ice dragons
  Fannar (Lair:5)
  2 yaktaur captains (Depths:3)
  Harold (D:12)
  A rakshasa (Depths:3)
  15 naga warriors
  30 hydras
  8 anacondas
  An alligator (shapeshifter) (Depths:2)
  2 spriggan air magi
  Erica (Lair:5)
  2 deep troll earth magi
  A siren (shapeshifter) (D:15)
  11 alligators
  6 centaur warriors
  5 deep troll shamans
  The ghost of Hodglim the Conjurer, a powerful HECj of Vehumet (Volcano)
  5 ogre magi
  18 death yaks
  An orc high priest (Orc:3)
  4 shock serpents
  3 spriggan berserkers (Depths:2)
  3 catoblepae
  13 naga sharpshooters
  8 tengu warriors
  An iron troll (Depths:3)
  4 salamander mystics
  A deep elf knight (Depths:2)
  4 spriggan druids
  2 unseen horrors
  5 skeletal warriors
  11 deep trolls
  10 swamp dragons
  11 hell knights (Depths:3)
  5 hill giants
  9 naga ritualists
  A deep elf summoner (Depths:3)
  A giant orange brain (Depths:3)
  2 wizards (Depths:3)
  An infernal demonspawn (Depths:3)
  2 lindwurms
  2 deep elf conjurers (Depths:2)
  5 necromancers
  3 red wasps
  A stone giant zombie (Depths:1)
  4 manticores
  A hellion (Depths:1)
  A wolf spider (D:15)
  An orc sorcerer (Orc:1)
  A salamander (shapeshifter) (D:15)
  8 elephants (Lair:8)
  8 mana vipers
  15 salamanders
  A griffon (D:15)
  A molten gargoyle (Depths:2)
  5 cyclopes
  27 ugly things
  2 guardian serpents (Snake:5)
  A guardian serpent (shapeshifter) (Depths:2)
  4 gargoyles
  40 black mambas
  2 torpor snails
  An orange crystal statue (D:14)
  2 centaur skeletons
  Psyche (Orc:3)
  16 naga magi
  19 spiny frogs
  6 trolls
  An elf (shapeshifter) (Depths:3)
  2 red devils
  An efreet (D:15)
  A kobold demonologist (D:15)
  11 komodo dragons
  24 yaktaurs
  2 fire drakes
  A polar bear (Lair:8)
  3 hellwings
  5 tengu conjurers
  A queen bee (D:10)
  A wandering mushroom (Lab)
  13 two-headed ogres
  6 giant leeches
  2 baby alligators (Swamp:5)
  49 slime creatures
  A minotaur skeleton (Lab)
  A raiju (shapeshifter) (D:15)
  7 bog bodies
  3 hydra skeletons
  22 ravens
  A spriggan zombie (Depths:1)
  25 blink frogs
  2 air elementals (Depths:3)
  3 basilisks
  2 trapdoor spiders (Lab)
  8 spriggans
  A hog (Swamp:5)
  A griffon skeleton (D:14)
  7 water elementals
  6 deep elf magi
  A shadow (Swamp:4)
  8 hippogriffs
  Eustachio (Orc:1)
  A steam dragon (D:8)
  3 wyverns
  A human (shapeshifter) (D:15)
  49 yaks
  2 hungry ghosts (Lab)
  A vampire (D:15)
  3 hill giant skeletons
  9 vampire mosquitoes
  27 swamp worms
  A soldier ant (D:15)
  39 water moccasins
  21 wolves
  Edmund (D:9)
  An ogre zombie (D:15)
  Menkaure (D:7)
  64 nagas
  A hydra simulacrum (Swamp:4)
  10 porcupines
  12 swamp drakes
  Purgy (Sewer)
  7 sky beasts
  2 black bears
  23 orc warriors
  9 boggarts
  6 yellow wasps
  2 phantoms
  19 ice beasts
  31 centaurs
  7 necrophages (Swamp:2)
  27 ogres
  Duvessa (D:4)
  18 crocodiles
  A brain worm (D:15)
  24 giant frogs
  Blork the orc (D:9)
  A big kobold (D:12)
  A cyclops zombie (D:13)
  14 insubstantial wisps
  2 yaktaur skeletons
  A gnoll sergeant (D:5)
  2 eyes of draining
  21 killer bees (D:10)
  12 wights
  A yak zombie (D:7)
  3 scorpions
  A spriggan skeleton (Lab)
  A troll skeleton (Lab)
  2 electric eels (Lair:1)
  Dowan (D:4)
  A goliath beetle (D:8)
  7 crimson imps
  2 giant frog zombies
  16 orc priests
  4 jellies
  2 giant frog skeletons (D:5)
  7 hounds
  29 orc wizards
  13 iguanas
  4 sheep (Lair:3)
  15 worker ants
  2 sky beast zombies
  2 mummies
  2 ogre skeletons
  A hound skeleton (D:7)
  15 gnolls
  26 green rats
  3 orc zombies
  28 adders
  5 giant mites
  2 orc skeletons
  3 worms
  4 shadow imps
  An adder skeleton (D:5)
  7 giant geckos
  2 oozes
  179 orcs
  A bat skeleton (D:5)
  A gnoll skeleton (D:6)
  2 gnoll zombies (D:5)
  27 goblins
  23 hobgoblins
  20 jackals
  15 quokkas
  2 ball pythons
  19 bats
  4 giant cockroaches
  8 giant newts
  A giant newt skeleton (D:4)
  A giant spore (D:4)
  A hobgoblin skeleton (D:4)
  23 kobolds
  11 rats
  3 ballistomycetes (D:4)
  4 fungi
  8 plants
1721 creatures vanquished.

Vanquished Creatures (collateral kills)
  the Lernaean hydra (Swamp:5)
  A hydra (Swamp:5)
  A swamp dragon (Swamp:5)
  A swamp worm (Swamp:5)
4 creatures vanquished.

Vanquished Creatures (others)
  An Executioner (Depths:3)
  2 balrugs (Swamp:5)
  A cacodemon (Swamp:5)
  A green death (Depths:3)
  A blizzard demon (Depths:3)
  A hellwing (Snake:4)
  2 baby alligators (Swamp:5)
  5 humans (Swamp:5)
  A vampire mosquito (D:15)
  2 neqoxecs
  Sigmund (D:4)
  A giant cockroach (D:4)
  13 fungi
  13 plants
  6 toadstools (Swamp:3)
51 creatures vanquished.

Grand Total: 1776 creatures vanquished

Notes
Turn   | Place    | Note
--------------------------------------------------------------
     0 | D:1      | CrazyArbalest, the Halfling Fighter, began the quest for the Orb.
     0 | D:1      | Reached XP level 1. HP: 15/15 MP: 1/1
   255 | D:1      | Reached XP level 2. HP: 18/20 MP: 2/2
   973 | D:1      | Reached XP level 3. HP: 13/26 MP: 3/3
  1136 | D:1      | Reached skill level 1 in Slings
  1226 | D:2      | Reached XP level 4. HP: 31/31 MP: 4/4
  1314 | D:2      | Noticed Terence
  2645 | D:3      | Found a blossoming altar of Fedhas.
  2989 | D:3      | Reached XP level 5. HP: 36/36 MP: 5/5
  3305 | D:4      | Noticed Sigmund
  3398 | D:4      | Killed Sigmund
  3398 | D:4      | Reached skill level 4 in Slings
  3561 | D:4      | Reached skill level 5 in Slings
  3561 | D:4      | Reached XP level 6. HP: 31/42 MP: 6/6
  3626 | D:4      | Reached skill level 6 in Slings
  3626 | D:4      | Reached skill level 1 in Dodging
  3627 | D:4      | Noticed an ogre
  3640 | D:4      | Killed an ogre
  3640 | D:4      | Reached skill level 7 in Slings
  3842 | D:4      | Reached XP level 7. HP: 42/46 MP: 7/7
  3868 | D:4      | Found a deep blue altar of Sif Muna.
  3906 | D:4      | Found an iron altar of Okawaru.
  3909 | D:4      | Found a shimmering altar of Xom.
  3912 | D:4      | Found a bloodstained altar of Trog.
  3936 | D:4      | Noticed Dowan
  3937 | D:4      | Noticed Duvessa
  3979 | D:4      | Killed Duvessa
  4038 | D:4      | Killed Dowan
  4105 | D:4      | Found a staircase to the Ecumenical Temple.
  4115 | Temple   | Entered the Ecumenical Temple
  4215 | Temple   | Became a worshipper of Makhleb the Destroyer
  4277 | D:4      | Reached skill level 8 in Slings
  4465 | D:4      | Got a dazzling leather armour
  4501 | D:4      | Acquired Makhleb's first power
  4802 | D:4      | Reached skill level 9 in Slings
  4924 | D:5      | Entered Level 5 of the Dungeon
  4960 | D:5      | Reached XP level 8. HP: 52/52 MP: 8/8
  5123 | D:5      | Reached skill level 10 in Slings
  5253 | D:5      | Acquired Makhleb's second power
  5373 | D:5      | Found a glowing golden altar of the Shining One.
  5553 | D:5      | Reached skill level 11 in Slings
  5593 | D:5      | Found a glowing drain.
  5629 | Sewer    | Entered a sewer
  5676 | Sewer    | Noticed Purgy
  5686 | Sewer    | Killed Purgy
  5991 | D:5      | Found a basalt altar of Yredelemnul.
  6062 | D:5      | Acquired Makhleb's third power
  6263 | D:6      | Reached skill level 12 in Slings
  6327 | D:6      | Found a glowing golden altar of the Shining One.
  6410 | D:6      | Found a stormy altar of Qazlal.
  6429 | D:6      | Identified the -5 leather armour "Cugao" {Str+1 Stlth+} (You took it off a goblin on level 4 of the Dungeon)
  6496 | D:6      | Reached XP level 9. HP: 27/57 MP: 9/9
  6554 | D:6      | Reached skill level 13 in Slings
  6796 | D:6      | Acquired Makhleb's fourth power
  7046 | D:6      | Found a snail-covered altar of Cheibriados.
  7352 | D:7      | Noticed Menkaure
  7358 | D:7      | Killed Menkaure
  7358 | D:7      | Reached skill level 14 in Slings
  7394 | D:7      | Found a shadowy altar of Dithmenos.
  8004 | D:7      | Acquired Makhleb's fifth power
  8380 | D:7      | Reached skill level 15 in Slings
  8419 | D:7      | Found Zin's Purification Station.
  8420 | D:7      | Found a glowing silver altar of Zin.
  8428 | D:7      | Bought a potion of curing for 60 gold pieces
  8618 | D:6      | Reached XP level 10. HP: 63/63 MP: 10/10
  8763 | D:8      | Reached skill level 5 in Armour
  9504 | D:8      | Reached skill level 16 in Slings
 10846 | D:9      | Noticed Blork the orc
 10850 | D:9      | Killed Blork the orc
 10887 | D:9      | Noticed Erolcha
 11091 | D:9      | Noticed Edmund
 11131 | D:9      | Killed Edmund
 11131 | D:9      | Reached skill level 17 in Slings
 12400 | D:10     | Entered Level 10 of the Dungeon
 12461 | D:10     | Reached XP level 11. HP: 63/68 MP: 11/11
 12469 | D:10     | Reached skill level 18 in Slings
 13148 | D:10     | Reached skill level 19 in Slings
 13287 | D:10     | Noticed a hill giant
 13480 | D:10     | Found a staircase to the Lair.
 14158 | Lair:1   | Entered Level 1 of the Lair of Beasts
 14220 | Lair:1   | Identified a scroll of acquirement
 14473 | Lair:1   | Reached skill level 20 in Slings
 14922 | Lair:1   | Reached skill level 1 in Evocations
 15337 | Lair:2   | Reached skill level 1 in Stealth
 15428 | Lair:2   | Noticed a five-headed hydra
 15441 | Lair:2   | Killed a five-headed hydra
 15493 | Lair:2   | Reached XP level 12. HP: 43/74 MP: 14/14
 15527 | Lair:2   | Found a dark tunnel.
 15553 | Volcano  | Entered a volcano
 15568 | Volcano  | Noticed a centaur warrior
 15591 | Volcano  | Killed a centaur warrior
 15700 | Volcano  | Reached skill level 21 in Slings
 15711 | Volcano  | Reached skill level 5 in Shields
 15752 | Volcano  | Noticed Hodglim's ghost (powerful HECj)
 15771 | Volcano  | Killed Hodglim's ghost
 15913 | Lair:2   | Gained mutation: You are frail (-10% HP). [potion of mutation]
 15917 | Lair:2   | Gained mutation: You can spit poison. [potion of beneficial mutation]
 17034 | Lair:3   | Reached skill level 22 in Slings
 17185 | Lair:3   | Found a staircase to the Swamp.
 18002 | Lair:4   | Noticed an eight-headed hydra
 18141 | Lair:4   | Killed an eight-headed hydra
 18141 | Lair:4   | Reached skill level 5 in Dodging
 18682 | Lair:4   | Noticed a death yak
 18686 | Lair:4   | Noticed a death yak
 18996 | D:10     | Killed an unseen horror
 18996 | D:10     | Reached XP level 13. HP: 66/71 MP: 17/17
 19002 | D:10     | Killed a hill giant
 19441 | D:11     | Reached skill level 23 in Slings
 19700 | D:11     | Found a staircase to the Orcish Mines.
 20231 | D:12     | Noticed Harold
 20252 | D:12     | Killed Harold
 20252 | D:12     | Reached skill level 1 in Invocations
 21764 | Orc:1    | Entered Level 1 of the Orcish Mines
 21828 | Orc:1    | Found a shimmering altar of Xom.
 22800 | Orc:1    | Noticed Eustachio
 22807 | Orc:1    | Killed Eustachio
 23168 | Orc:3    | Found a staircase to the Elven Halls.
 23340 | Orc:3    | Found Warialil's Distillery.
 23387 | Orc:3    | Reached skill level 5 in Short Blades
 23415 | Orc:3    | Bought a potion of curing for 28 gold pieces
 23415 | Orc:3    | Bought a potion of curing for 28 gold pieces
 23415 | Orc:3    | Bought a potion of curing for 28 gold pieces
 23415 | Orc:3    | Bought a potion of heal wounds for 42 gold pieces
 23492 | Orc:3    | Noticed Psyche
 23590 | Orc:3    | Killed Psyche
 23696 | Orc:3    | Reached skill level 5 in Fighting
 24851 | Orc:3    | Found a roughly hewn altar of Beogh.
 25045 | Orc:4    | Entered Level 4 of the Orcish Mines
 25631 | Orc:4    | Found a deep blue altar of Sif Muna.
 25797 | Orc:4    | Reached XP level 14. HP: 77/79 MP: 20/20
 26095 | Orc:4    | Noticed an ogre mage
 26109 | Orc:4    | Killed an ogre mage
 26164 | Orc:4    | Found Prit's Armour Emporium.
 26164 | Orc:4    | Found Pigon's Armour Shop.
 26170 | Orc:4    | Found Laonael's Jewellery Emporium.
 26170 | Orc:4    | Found Amacak's General Store.
 26386 | Orc:4    | Bought 8 sling bullets for 56 gold pieces
 26386 | Orc:4    | Bought 21 sling bullets for 147 gold pieces
 26386 | Orc:4    | Bought a +0 greatsling for 210 gold pieces
 26386 | Orc:4    | Bought 28 stones for 39 gold pieces
 26457 | Orc:4    | Bought a +0 pair of gloves of archery for 97 gold pieces
 27110 | Lair:4   | Noticed a death yak
 27127 | Lair:4   | Killed a death yak
 27168 | Lair:4   | Noticed a death yak
 27182 | Lair:4   | Killed a death yak
 27194 | Lair:4   | Noticed a death yak
 27199 | Lair:4   | Killed a death yak
 27608 | Lair:4   | Killed a death yak
 27868 | Lair:5   | Reached skill level 24 in Slings
 27980 | Lair:5   | Found a staircase to the Snake Pit.
 28125 | Lair:5   | Reached skill level 5 in Invocations
 28157 | Lair:5   | Noticed Maud
 28166 | Lair:5   | Noticed Fannar
 28188 | Lair:5   | Killed Fannar
 28568 | Lair:5   | Killed Maud
 28676 | Lair:5   | Noticed Erica
 28681 | Lair:5   | Killed Erica
 30041 | Lair:6   | Found a staircase to the Slime Pits.
 30736 | Lair:7   | Noticed Snorg
 30751 | Lair:7   | Killed Snorg
 30751 | Lair:7   | Reached XP level 15. HP: 68/84 MP: 24/24
 31679 | Lair:8   | Entered Level 8 of the Lair of Beasts
 31808 | Lair:8   | Noticed SaintRoka's ghost (powerful HOFE)
 31834 | Lair:8   | Killed SaintRoka's ghost
 32108 | Lair:8   | Reached skill level 25 in Slings
 33155 | Lair:3   | Killed a death yak
 34775 | D:13     | Reached skill level 10 in Short Blades
 34805 | D:13     | Reached XP level 16. HP: 52/92 MP: 27/27
 34936 | D:13     | Found a gate to the Vaults.
 35628 | D:14     | Found a labyrinth entrance.
 35734 | Lab      | Entered a labyrinth
 36055 | Lab      | Reached skill level 26 in Slings
 39033 | D:14     | Noticed Frances
 39051 | D:14     | Killed Frances
 39336 | D:14     | Noticed Roxanne
 39527 | D:14     | Found a white marble altar of Elyvilon.
 39805 | D:14     | Killed Roxanne
 39823 | D:14     | Identified Roxanne's Disquisition on Transmutation (You took it off Roxanne on level 14 of the Dungeon)
 39882 | D:15     | Entered Level 15 of the Dungeon
 40232 | D:15     | Found a staircase to the Depths.
 40381 | D:15     | Reached skill level 27 in Slings
 41133 | D:15     | Reached XP level 17. HP: 99/99 MP: 26/28
 41199 | D:15     | Got a smoking chain mail
 41922 | Lair:2   | Identified the +9 chain mail of Dishonour {Str+3} (You found it on level 15 of the Dungeon)
 42018 | Snake:1  | Entered Level 1 of the Snake Pit
 43365 | Snake:2  | Found Klysaip's Jewellery Shoppe.
 44830 | Snake:3  | Reached skill level 5 in Stealth
 46147 | Snake:4  | Reached XP level 18. HP: 107/107 MP: 30/30
 46175 | Snake:4  | Noticed Wiglaf
 46475 | Snake:5  | Entered Level 5 of the Snake Pit
 47156 | Snake:5  | Reached skill level 10 in Dodging
 47156 | Snake:5  | Reached skill level 10 in Invocations
 47896 | Snake:5  | Reached skill level 10 in Fighting
 49342 | Snake:5  | Got a serpentine rune of Zot
 50206 | Swamp:1  | Entered Level 1 of the Swamp
 50696 | Swamp:1  | Reached XP level 19. HP: 105/113 MP: 24/32
 51197 | Swamp:1  | Reached skill level 10 in Shields
 53330 | Swamp:3  | Reached skill level 5 in Evocations
 55602 | Swamp:5  | Entered Level 5 of the Swamp
 56095 | Swamp:5  | Reached skill level 15 in Short Blades
 56515 | Swamp:5  | Noticed Kirke
 56536 | Swamp:5  | Killed Kirke
 56668 | Swamp:5  | Reached XP level 20. HP: 120/120 MP: 23/33
 56693 | Swamp:5  | Noticed the 27-headed Lernaean hydra
 56708 | Swamp:5  | Killed the 27-headed Lernaean hydra
 57007 | Swamp:5  | Got a decaying rune of Zot
 58033 | Depths:1 | Entered Level 1 of the Depths
 58140 | Depths:1 | Noticed Jorgrun
 58153 | Depths:1 | Killed Jorgrun
 58559 | Depths:1 | Found a gateway to Hell.
 58983 | Depths:1 | Found a sparkling altar of Nemelex Xobeh.
 60070 | Depths:2 | Reached XP level 21. HP: 126/126 MP: 28/34
 60179 | Depths:2 | Got a faintly glowing amber ring
 61440 | Lair:2   | Identified the ring "Mebuargh" {rC+ rN+ MP+9} (You took it off a fire giant on level 2 of the Depths)
 62262 | Depths:3 | Noticed Mennas
 62334 | Depths:3 | Found a one-way gate leading to the halls of Pandemonium.
 62515 | Depths:3 | Reached skill level 10 in Stealth
 62619 | Depths:3 | Noticed Agnes
 62902 | Depths:3 | Reached skill level 10 in Armour
 62947 | Depths:3 | Killed Agnes
 63864 | Depths:3 | Slain by Mennas

Action                   |  1- 3 |  4- 6 |  7- 9 | 10-12 | 13-15 | 16-18 | 19-21 || total
-------------------------+-------+-------+-------+-------+-------+-------+-------++-------
Melee: Cutlass           |    69 |       |       |       |   798 |   780 |  1450 ||  3097
       Hunting sling     |       |       |       |     6 |     2 |       |       ||     8
 Fire: Hunting sling     |    26 |   205 |   909 |  1649 |  1316 |    64 |       ||  4169
       Greatsling        |       |       |       |       |   568 |  1756 |  1418 ||  3742
Throw: Stone             |       |       |       |       |       |       |    34 ||    34
Invok: Lesser Servant of |       |       |       |       |     2 |     3 |     1 ||     6
       Greater Servant o |       |       |       |       |       |       |     7 ||     7
 Abil: Stop Flying       |       |       |       |       |       |       |     5 ||     5
       Evoke Flight      |       |       |       |       |       |       |     5 ||     5
Evoke: Wand              |       |     1 |       |    30 |    10 |    23 |     5 ||    69
  Use: Scroll            |       |       |    10 |    19 |    18 |    15 |    12 ||    74
       Potion            |       |       |     2 |    16 |     2 |     1 |    22 ||    43
 Stab: Sleeping          |       |       |       |       |       |     3 |     9 ||    12
       Confused          |       |       |       |       |       |     2 |     1 ||     3
       Distracted        |       |       |       |       |       |     1 |     1 ||     2
       Paralysed         |       |       |       |       |       |     1 |       ||     1
  Eat: Chunk             |     1 |     8 |    12 |    15 |    40 |    24 |    19 ||   119
       Fruit             |       |       |       |     4 |     4 |    11 |     1 ||    20
       Beef jerky        |       |       |       |     2 |     1 |     4 |     2 ||     9
       Pizza             |       |       |       |     1 |     2 |     1 |     1 ||     5
       Bread ration      |       |       |       |     2 |       |     1 |     1 ||     4
       Meat ration       |       |       |       |       |       |     1 |     3 ||     4
